 Dungeon Crawl Stone Soup version 0.22-a0-422-g9628fc8 (webtiles) character file.

84 Amnesiac the Changer (level 4, 0/22 HPs)
             Began as a Spriggan Transmuter on May 18, 2018.
             Succumbed to an adder's poison
             ... on level 2 of the Dungeon.
             The game lasted 00:02:19 (1222 turns).

Amnesiac the Changer (Spriggan Transmuter)          Turns: 1222, Time: 00:02:20

Health: 0/22       AC:  2    Str:  7    XL:     4   Next: 24%
Magic:  4/10       EV: 18    Int: 14    God:
Gold:   89         SH:  0    Dex: 16    Spells: 7/10 levels left

rFire    . . .     SeeInvis +     - Unarmed
rCold    . . .     Gourm    .   (shield restricted)
rNeg     . . .     Faith    .   b - +0 robe
rPois    .         Spirit   .   (helmet restricted)
rElec    .         Reflect  .   (no cloak)
rCorr    .         Harm     .   (gloves unavailable)
MR       .....                  (boots unavailable)
Stlth    +.........             (no amulet)
HPRegen  0.07/turn              (no ring)
MPRegen  0.12/turn              (no ring)

@: lethally poisoned (0 -> -5), appendage, very quick
A: very small, unfitting armour, talons 3, see invisible, herbivore, speed 3,
slow metabolism 2
a: End Transformation


You were on level 2 of the Dungeon.
You were not hungry.
You had grown temporary talons.
You visited 1 branch of the dungeon, and saw 2 of its levels.

You collected 89 gold pieces.

Inventory:

Missiles
 a - 2 arrows
Armour
 b - a +0 robe (worn)
Scrolls
 c - 2 scrolls of enchant armour {!r, unknown}
 e - a scroll of identify {!r, unknown}
 g - 2 scrolls of enchant weapon {!r, unknown}
 i - a scroll of remove curse {!r, unknown}
Potions
 h - a potion of flight {!q}
Comestibles
 d - 2 rations


   Skills:
 + Level 1.1 Fighting
 - Level 3.0 Dodging
 - Level 3.0 Unarmed Combat
 - Level 3.5 Spellcasting
 - Level 4.4 Transmutations


You had 7 spell levels left.
You knew the following spells:

 Your Spells              Type           Power        Failure   Level  Hunger
a - Beastly Appendage     Tmut           ###...       3%          1    #......
b - Sticks to Snakes      Tmut           ###.....     4%          2    ##.....

Your spell library contained the following spells:

 Spells                   Type           Power        Failure   Level  Hunger
 Spider Form              Tmut/Pois      #.........   24%         3    ###....
 Blade Hands              Tmut           ###.......   65%         5    ######.
 Ice Form                 Ice/Tmut       #.......     63%         4    #####..


Dungeon Overview and Level Annotations

Branches:
Dungeon (2/15)

Altars:


Innate Abilities, Weirdness & Mutations

You are very small and have problems with some larger weapons.
You are too small for most types of armour.
You have supernaturally acute eyesight. (SInv)
You are a herbivore.
You cover ground extremely quickly.
You need to consume almost no food.
You have claws for feet.


Message History

You create a snake!
You now have 3 arrows.
Casting: Sticks to Snakes (safe; 5% risk of failure)
Confirm with . or Enter, or press ? or * to list all spells.
You create a snake!
You now have 2 arrows.
You feel sick. The adder barely misses you.
You hit the adder but do no damage.
The adder is heavily wounded.
The jackal barely misses you. The jackal barely misses your adder.
The adder bites you.
* * * LOW HITPOINT WARNING * * *
You completely miss the adder. You headbutt the adder.
The adder is almost dead.
The jackal is poisoned.
Your adder poisons the jackal!
The jackal barely misses you. The adder bites you.
* * * LOW HITPOINT WARNING * * *
You are lethally poisoned!
The adder poisons you!
You barely miss the adder.
The adder is almost dead.
* * * LOW HITPOINT WARNING * * *
You feel sick. The jackal closely misses you. The adder closely misses you.
The adder dies!
Unknown command.
You hit the jackal.
The jackal is almost dead.
The jackal dies!
The jackal bites your adder.
The jackal completely misses your adder.
The jackal closely misses your adder.
Really quaff
h - 2 murky emerald potions {!q}?
It was a potion of flight {!q}.
You feel very buoyant.
You fly up into the air.
* * * LOW HITPOINT WARNING * * *
You feel sick. The jackal barely misses your adder.
Your ball python grabs the jackal.
Your ball python constricts the jackal.
The jackal bites your ball python. The jackal bites your adder.
Really quaff
f - a fuming purple potion {!q}?
It was a potion of cancellation {!q}.
Your magical effects are unravelling.
You feel magically purged.
Your horns disappear.
You float gracefully downwards.
* * * LOW HITPOINT WARNING * * *
You feel sick.
The jackal dies!
The jackal closely misses your adder.
Casting: Sticks to Snakes (safe; 4% risk of failure)
Confirm with . or Enter, or press ? or * to list all spells.
Your feet morph into talons.
The jackal misses your adder.
* * * LOW HITPOINT WARNING * * *
You feel sick. The jackal closely misses your adder.
Your ball python grabs the jackal.
Your ball python constricts the jackal.
The jackal closely misses your adder. The jackal closely misses your adder.
The jackal dies!
You swap places.
You see here an adder corpse.
* * * LOW HITPOINT WARNING * * *
You feel sick.
You see here a jackal corpse.
* * * LOW HITPOINT WARNING * * *
You feel sick.
You die...

............#
............###
#...#'#........
#.............#
..............#
..............#
g......#.....#
..###...@...#
.#.#.......# .#
...##......###.#
.......S.......#
............... #
.#.#........#.#.#
...#....S...#...#
.. #...#......#
#.#####...#......#


You could see a friendly adder and a friendly ball python.

Vanquished Creatures
  A hound zombie (D:2)
  4 gnolls (D:2)
  2 dart slugs (D:1)
  A leopard gecko (D:1)
  2 giant cockroaches (D:1)
  5 goblins
  3 hobgoblins (D:1)
  A kobold (D:2)
  4 bats (D:1)
  2 frilled lizards
  3 rats (D:1)
28 creatures vanquished.

Vanquished Creatures (collateral kills)
  An adder (D:2)
  A worm (D:2)
  3 jackals (D:2)
  A kobold (D:2)
6 creatures vanquished.

Grand Total: 34 creatures vanquished

Notes
Turn   | Place    | Note
-------+----------+-------------------------------------------
     0 | D:1      | Amnesiac the Spriggan Transmuter began the quest for the Orb.
     0 | D:1      | Reached XP level 1. HP: 9/9 MP: 5/5
    22 | D:1      | Reached skill level 1 in Fighting
   142 | D:1      | Reached XP level 2. HP: 14/14 MP: 4/6
   151 | D:1      | Learned a level 2 spell: Sticks to Snakes
   335 | D:1      | Reached skill level 3 in Transmutations
   711 | D:2      | Reached XP level 3. HP: 18/18 MP: 1/8
   954 | D:2      | Reached skill level 4 in Transmutations
  1026 | D:2      | Reached XP level 4. HP: 11/22 MP: 2/10
  1216 | D:2      | HP: 1/22 [poisoned by an adder]
  1222 | D:2      | Succumbed to an adder's poison

Vault maps used:
D:1:      eino_arrival_tree_alley
D:2:      kennysheep_six_static_rooms, kennysheep_nondescript, uniq_jessica,
          uniq_natasha

Skill      XL: |  1  2  3 |
---------------+----------+-----
Fighting       | 1 |  1.1
Unarmed Combat | 3 |  3.0
Transmutations | 3 4 |  4.4
Spellcasting   | 3 |  3.5
Dodging        | |  3.0

Action                   |  1- 3 |  4- 6 || total
-------------------------+-------+-------++-------
Melee: Unarmed           |    96 |    10 ||   106
       Kick              |    11 |       ||    11
       Punch             |     1 |       ||     1
       Headbutt          |     6 |     2 ||     8
 Cast: Beastly Appendage |    17 |     3 ||    20
       Sticks to Snakes  |     7 |     3 ||    10
  Use: Potion            |       |     2 ||     2
 Stab: Sleeping          |     2 |       ||     2
       Distracted        |     1 |       ||     1
Armor: Robe              |    11 |     2 ||    13
Dodge: Dodged            |    73 |    15 ||    88

Table legend:
 A = Spawn XP
 B = Non-spawn XP
 C = Spawn XP percentage of total XP
 D = Spawn monster count
 E = Non-spawn monster count
 F = Spawn count percentage of total count
 G = Total turns spent on level
                    A         B        C        D         E        F      G
               +---------+---------+-------+---------+---------+-------+---------
         Total |       0 |     121 |   0.0 |       0 |      34 |   0.0 |  1222
               +---------+---------+-------+---------+---------+-------+---------
           D:1 |       0 |      39 |   0.0 |       0 |      20 |   0.0 |   688
           D:2 |       0 |      82 |   0.0 |       0 |      14 |   0.0 |   534
               +---------+---------+-------+---------+---------+-------+---------
